 Dungeon Crawl Stone Soup version 0.27-a0-1181-g5f64966fcc (webtiles) character file.

Game seed: 17160052094580438386

441 ZappyNine the Slasher (level 7, -14/45 (52) HPs)
             Began as a Formicid Fighter on May 17, 2021.
             Demolished by a wight
             ... wielding a +3 halberd
              (16 damage)
             ... on level 4 of the Dungeon.
             The game lasted 00:03:17 (4239 turns).

ZappyNine the Slasher (Formicid Fighter)            Turns: 4239, Time: 00:03:18

HP:   -14/45 (52)   AC:  8    Str: 29    XL:     7   Next: 22%
MP:   7/7           EV:  8    Int:  7    God:
Gold: 173           SH: 10    Dex: 10    Spells: 6/6 levels left

rFire    . . .     SeeInvis +   a - +0 long sword
rCold    . . .     Faith    .   c - +0 kite shield
rNeg     . . .     Spirit   .   b - +0 scale mail
rPois    .         Reflect  .   (helmet unavailable)
rElec    .         Harm     .   s - +0 cloak
rCorr    .         Rampage  .   (no gloves)
Will     .....                  (no boots)
Stlth    ..........             (no amulet)
HPRegen  0.15/turn              m - +6 ring of strength
MPRegen  0.10/turn              (no ring)

@: heavily drained
A: permanent stasis, dig shafts and tunnels, antennae 3, four strong arms
a: Dig, Shaft Self


You were on level 4 of the Dungeon.
You visited 1 branch of the dungeon, and saw 4 of its levels.

You collected 173 gold pieces.

Inventory:

Hand Weapons
 a - a +0 long sword (weapon)
Armour
 b - a +0 scale mail (worn)
 c - a +0 kite shield (worn)
 s - a +0 cloak (worn)
Jewellery
 e - a ring of wizardry
 m - a +6 ring of strength (left hand)
 t - a ring of magical power
Scrolls
 f - 3 scrolls of noise {unknown}
 j - 4 scrolls of teleportation {unknown}
 k - a scroll of enchant weapon {unknown}
 n - a scroll of fog {unknown}
 p - a scroll of acquirement {unknown}
 q - 3 scrolls of identify {unknown}
 r - a scroll of immolation {unknown}
Potions
 g - 2 potions of lignification {unknown}
 h - a potion of heal wounds {unknown}
 i - a potion of attraction {unknown}
 l - 3 potions of brilliance {unknown}
 o - 3 potions of curing {unknown}


   Skills:
 - Level 3.2 Fighting
 + Level 7.3 Long Blades
 - Level 3.2 Armour
 - Level 3.6 Shields


You had 6 spell levels left.
You didn't know any spells.
Your spell library contained the following spells:

 Spells                   Type           Power      Damage    Failure   Level
 Foxfire                  Conj/Fire      0%         2x1d4     97%         1
 Freeze                   Ice            0%         1d3       97%         1
 Magic Dart               Conj           0%         1d3       97%         1
 Shock                    Conj/Air       0%         1d3       97%         1
 Searing Ray              Conj           0%         3d3       99%         2
 Static Discharge         Conj/Air       0%         N/A       99%         2
 Conjure Flame            Conj/Fire      0%         6-21      100%        3
 Dazzling Flash           Conj/Hex       0%         N/A       100%        3
 Frozen Ramparts          Ice            0%         1d2       100%        3
 Inner Flame              Hex/Fire       0%         N/A       100%        3
 Ozocubu's Armour         Ice            0%         N/A       100%        3
 Airstrike                Air            0%         N/A       100%        4
 Fulminant Prism          Conj/Hex       0%         3d6       100%        4
 Hailstorm                Conj/Ice       0%         3d3       100%        4
 Iskenderun's Mystic Bla  Conj/Tloc      0%         2d3       100%        4
 Sticky Flame             Conj/Fire      0%         2d3       100%        4
 Fireball                 Conj/Fire      0%         3d3       100%        5
 Lightning Bolt           Conj/Air       0%         1d11      100%        5
 Metabolic Englaciation   Hex/Ice        0%         N/A       100%        5
 Swiftness                Air            Unusable   N/A       N/A         3

Dungeon Overview and Level Annotations

Branches:
Dungeon (4/15)
 Temple: D:4-7

Altars:
Ashenzari

Annotations:
D:3 2 transporters, RealJoeEstevez's ghost, amateur FoFi


Innate Abilities, Weirdness & Mutations

You cannot be hasted, slowed, berserked, paralysed or teleported.
You can dig through walls and to a lower floor.
You have a pair of large antennae on your head. (SInv)
Your four strong arms can wield two-handed weapons with a shield.


Message History

You are too injured to fight recklessly!
You are too injured to fight recklessly!
You are too injured to fight recklessly!
You are too injured to fight recklessly!
You are too injured to fight recklessly!
You are too injured to fight recklessly!
You are too injured to fight recklessly!
You are too injured to fight recklessly!
You are too injured to fight recklessly!
You are too injured to fight recklessly!
You are too injured to fight recklessly!
You are too injured to fight recklessly!
You are too injured to fight recklessly!
You hit the wight.
The wight is almost destroyed.
The wight hits you with a +3 halberd.
* * * LOW HITPOINT WARNING * * *
You feel drained.
* * * LOW HITPOINT WARNING * * *
Unknown command.
You closely miss the wight.
The wight is almost destroyed.
The wight barely misses you.
You riposte.
You hit the wight but do no damage.
The wight is almost destroyed.
Unknown command.
You closely miss the wight.
The wight is almost destroyed.
The wight hits you with a +3 halberd.
* * * LOW HITPOINT WARNING * * *
You feel drained.
Unknown command.
You completely miss the wight.
The wight is almost destroyed.
The wight hits you with a +3 halberd!
* * * LOW HITPOINT WARNING * * *
Unknown command.
You closely miss the wight.
The wight is almost destroyed.
The wight hits you with a +3 halberd!
You die...

#..<.## #..........
#.#### ###........# .
....# #...#...<### ..#
.. #......#.#### #...
.## ##.#.......... .
♣.♣#♣.♣##.....###.####
#.....!##...#.# #.# .
##♣...z.♣....##.# #.# .
#.)....@....# #.# #)# .
#.♣.....♣...###.# #.###.
#............##.###..#..
..♣.♣#♣.♣.#..##..#.#.#.#
... #..#.#..##.#)##.#.#
.. #....##.)..).##...# .
#.##.##..#.#..##..# #.
#.###...##...... #.
###.#.#.#...


You could see a wight.

Vanquished Creatures
  A centaur (D:3)
  A scorpion (D:4)
  2 wights (D:4)
  A hound (D:4)
  Jessica (D:3)
  An iguana (D:4)
  Robin (D:3)
  4 adders
  2 worms
  A dart slug (D:2)
  2 orcs (D:4)
  7 ball pythons
  4 endoplasms
  4 giant cockroaches
  16 goblins
  8 hobgoblins
  4 jackals (D:4)
  9 kobolds
  5 quokkas
  5 bats
  3 frilled lizards
  2 rats (D:1)
84 creatures vanquished.

Vanquished Creatures (others)
  5 plants (D:4)
5 creatures vanquished.

Grand Total: 89 creatures vanquished

Notes
Turn   | Place    | Note
-------+----------+-------------------------------------------
     0 | D:1      | ZappyNine the Formicid Fighter began the quest for the Orb.
     0 | D:1      | Reached XP level 1. HP: 18/18 MP: 1/1
   124 | D:1      | Reached XP level 2. HP: 23/24 MP: 2/2
   365 | D:1      | Reached skill level 3 in Long Blades
   617 | D:1      | Reached XP level 3. HP: 27/29 MP: 3/3
   748 | D:1      | Found a faded altar of an unknown god.
  1464 | D:2      | Found a broken altar of Ashenzari.
  1569 | D:2      | Reached skill level 4 in Long Blades
  1569 | D:2      | Reached XP level 4. HP: 29/35 MP: 4/4
  2067 | D:3      | Noticed Jessica
  2071 | D:3      | Killed Jessica
  2072 | D:3      | Reached XP level 5. HP: 41/41 MP: 5/5
  2102 | D:3      | Found a transporter.
  2105 | D:3      | Noticed RealJoeEstevez's ghost (amateur FoFi)
  2144 | D:3      | Found a transporter.
  2324 | D:3      | Noticed a centaur
  2334 | D:3      | Killed a centaur
  2335 | D:3      | Reached skill level 5 in Long Blades
  2563 | D:3      | Noticed Robin
  2583 | D:3      | Reached XP level 6. HP: 40/47 MP: 6/6
  2589 | D:3      | Killed Robin
  2667 | D:3      | Reached skill level 6 in Long Blades
  3816 | D:4      | Reached skill level 7 in Long Blades
  3816 | D:4      | Reached XP level 7. HP: 36/52 MP: 7/7
  3824 | D:4      | HP: 1/49 [wight/+3 spear (9)]
  4238 | D:4      | HP: 2/45 [wight/+3 halberd (8)]
  4239 | D:4      | Demolished by a wight

Illustrated notes

Levels and vault maps discovered:
D:1:      kilobyte_arrival_exit_the_forest, layout_basic,
          hellmonk_ecumenical_altar_leap_of_faith, roderic_three_in_a_row
D:2:      layout_basic, basic_altar, minmay_misc_feat_square
D:3:      layout_basic, gammafunk_ghost_mausoleum, minmay_misc_feat_roman,
          uniq_robin, uniq_jessica
D:4:      layout_rooms, nicolae_overflow_crystal_walls, serial_forest,
          infiniplex_forest_clump_diagonal, infiniplex_forest_lined_room_2,
          infiniplex_forest_clump_long, infiniplex_forest_lined_3

Skill      XL: |  1  2  3  4  5  6 |
---------------+-------------------+-----
Long Blades    | 3 4 5 7 |  7.3
Fighting       | |  3.2
Armour         | |  3.2
Shields        | |  3.6

Action                   |  1- 3 |  4- 6 |  7- 9 || total
-------------------------+-------+-------+-------++-------
Melee: Long sword        |    78 |   180 |    15 ||   273
 Abil: Dig               |       |     3 |       ||     3
  Use: Potion            |       |     1 |       ||     1
Armor: Scale mail        |    24 |    83 |       ||   107
Dodge: Dodged            |    29 |    62 |     2 ||    93
Block: Kite shield       |    39 |   128 |     5 ||   172
       Rpst.: Long sword |    13 |    14 |     1 ||    28

Table legend: (Time is in decaauts)
 A = Elapsed time spent in this place.
 B = Non-inter-level travel time spent in this place.
 C = Inter-level travel time spent in this place.
 D = Time resting spent in this place.
 E = Time spent auto-exploring this place.
 F = Levels seen in this place.
 G = Mean time per level.
                   A        B        C        D        E       F      G
               +--------+--------+--------+--------+--------+-----+--------+
         Total |   4342 |   4245 |     97 |    733 |   2834 |   4 | 1085.5 |
       Dungeon |   4342 |   4245 |     97 |    733 |   2834 |   4 | 1085.5 |
               +--------+--------+--------+--------+--------+-----+--------+

Top non-repeatable levels by time:
     D:4: 1149 daAuts
     D:1: 1089 daAuts
     D:3: 1075 daAuts
     D:2: 1028 daAuts
